 Dungeon Crawl Stone Soup version 0.30-a0-297-g0ec75d9ef4 (webtiles) character file.

Game seed: 8319851175357016769

26209 pokeman the Eclecticist (level 12, -6/68 HPs)
             Began as a Deep Elf Hedge Wizard on Oct 18, 2022.
             Was a High Priest of Vehumet.
             Mangled by purpskrrrp's ghost (34 damage)
             ... on level 12 of the Dungeon.
             The game lasted 00:45:25 (16731 turns).

pokeman the Eclecticist (Deep Elf Hedge Wizard)    Turns: 16731, Time: 00:45:26

Health: -6/68      AC: 13    Str:  7    XL:     12   Next: 96%
Magic:  34/36      EV: 12    Int: 25    God:    Vehumet [*****.]
Gold:   647        SH:  0    Dex: 14    Spells: 30/47 levels left

rFire   + . .      SeeInvis .    e - staff of conjuration
rCold   . . .      Faith    .    (no shield)
rNeg    + . .      Spirit   .    F - +2 leather armour {rF+}
rPois   +          Reflect  .    O - +0 helmet
rElec   .          Harm     .    g - +0 cloak {rPois}
rCorr   .          Rampage  .    (no gloves)
Will    +....                    q - +0 pair of boots
Stlth   ++........               k - amulet of the acrobat
HPRegen 0.31/turn                I - +4 ring of protection
MPRegen 0.25/turn                o - ring of positive energy

@: about to teleport, spiked, on blink cooldown
A: no striking features
a: Renounce Religion


You were on level 12 of the Dungeon.
You worshipped Vehumet.
Vehumet was extremely pleased with you.
You visited 2 branches of the dungeon, and saw 13 of its levels.
You also visited: Bailey.

You collected 780 gold pieces.
You spent 133 gold pieces at shops.

Inventory:

Hand Weapons
 v - a +2 shortbow of freezing
 D - a +2 spear of venom
 Q - the +10 arbalest "Eprem" {flame, Dex+2 Stlth+}
   (You took it off a spriggan in a bailey)

   Any ammunition fired from it burns those it strikes, dealing additional fire
   damage.
   Dex:       It affects your dexterity (+2).
   Stlth:     It makes you more stealthy.
Missiles
 C - 3 throwing nets
Armour
 g - a +0 cloak of poison resistance (worn)
 q - a +0 pair of boots (worn)
 x - a +0 buckler
 F - a +2 leather armour of fire resistance (worn)
 N - +0 steam dragon scales
 O - a +0 helmet (worn)
 R - quicksilver dragon scales
 S - a +2 robe of cold resistance
Magical Staves
 e - a staff of conjuration (weapon)
 w - a staff of poison
Jewellery
 h - a ring of ice
 k - an amulet of the acrobat (around neck)
 o - a ring of positive energy (right hand)
 H - a ring of ice
 I - a +4 ring of protection (left hand)
 L - a +6 ring of strength
 T - a ring of poison resistance
Wands
 y - a wand of flame (21)
Scrolls
 b - 5 scrolls of enchant weapon
 c - a scroll of poison
 i - 2 scrolls of blinking
 l - a scroll of immolation
 n - 4 scrolls of teleportation
 t - 2 scrolls of vulnerability
 A - a scroll of amnesia
 B - 2 scrolls of fear
 K - a scroll of torment
 M - 5 scrolls of enchant armour {unknown}
Potions
 a - 5 potions of curing
 d - 2 potions of magic
 f - 2 potions of heal wounds
 j - 5 potions of mutation
 m - a potion of cancellation {unknown}
 p - 2 potions of flight {unknown}
 r - 3 potions of invisibility {unknown}
 s - 2 potions of resistance {unknown}
 u - a potion of attraction {unknown}
 z - 2 potions of might {unknown}
 E - 3 potions of lignification
 G - a potion of ambrosia {unknown}
 J - a potion of brilliance {unknown}
 P - 2 potions of haste


   Skills:
 - Level 5.0 Fighting
 - Level 5.0 Armour
 - Level 3.0 Dodging
 - Level 3.1 Stealth
 + Level 3.8 Shields
 * Level 18.3 Spellcasting
 + Level 11.0 Conjurations
 - Level 1.1 Summonings
 - Level 1.1 Translocations
 + Level 10.0 Fire Magic
 - Level 1.0 Ice Magic
 - Level 1.0 Air Magic
 - Level 1.0 Earth Magic
 - Level 1.1 Poison Magic
 - Level 1.0 Evocations


You had 30 spell levels left.
You knew the following spells:

 Your Spells              Type           Power      Damage    Failure   Level
a - Magic Dart            Conj           100%       1d8       1%          1
b - Mephitic Cloud        Conj/Pois/Air  61%        N/A       1%          3
c - Call Imp              Summ           28%        N/A       2%          2
d - Blink                 Tloc           56%        N/A       2%          2
e - Stone Arrow           Conj/Erth      100%       3d13      1%          3
f - Foxfire               Conj/Fire      100%       2x1d9     1%          1
g - Freezing Cloud        Conj/Ice/Air   30%        6-21      4%          5

Your spell library contained the following spells:

 Spells                   Type           Power      Damage    Failure   Level
 Starburst                Conj/Fire      42%        6d12      1%          6
 Sandblast                Erth           56%        2d13      1%          1
 Momentum Strike          Conj/Tloc      100%       3d10      1%          2
 Searing Ray              Conj           100%       2d8       1%          2
 Ignite Poison            Fire/Tmut/Pois 41%        N/A       1%          3
 Kindle Blastsparks       Fire/Tloc/Air  86%        2d17      1%          3
 Fulminant Prism          Conj/Hex       33%        3d16      1%          4
 Slow                     Hex            88%        N/A       3%          1
 Cigotuvi's Dreadful Rot  Necr/Pois/Air  52%        N/A       3%          2
 Passwall                 Tmut/Erth      20%        N/A       3%          2
 Call Canine Familiar     Summ           28%        N/A       5%          3
 Lesser Beckoning         Tloc           56%        N/A       5%          3
 Ozocubu's Armour         Ice            28%        N/A       5%          3
 Portal Projectile        Hex/Tloc       50%        N/A       7%          3
 Leda's Liquefaction      Hex/Erth       12%        N/A       24%         4
 Metabolic Englaciation   Hex/Ice        12%        N/A       54%         5
 Simulacrum               Ice/Necr       12%        N/A       98%         6


Dungeon Overview and Level Annotations

Branches:
Dungeon (12/15)            Temple (1/1) D:4            Lair (0/5) D:9
    Orc (0/2) D:9          Bailey (visited)

Altars:
Ashenzari
Cheibriados
Dithmenos
Elyvilon
Fedhas
Gozag
Hepliaklqana
Kikubaaqudgha
Makhleb
Nemelex Xobeh
Okawaru
Qazlal
Ru
Sif Muna
Trog
Uskayaw
Vehumet
Wu Jian
Xom
Yredelemnul
Zin
The Shining One

Shops:
D:2 ?   D:8 :   D:11 *

Portals:
Trove: D:10 (show slimy rune of Zot)

Annotations:
D:12 purpskrrrp's ghost, journeyman TrBe


Message History

The floor.
Unknown command.
Okay, then.
Unknown command.
Purpskrrrp's ghost is engulfed in freezing vapours.
The kobold demonologist is engulfed in freezing vapours.
The kobold brigand is engulfed in noxious fumes.
The kobold brigand appears confused.
The kobold demonologist is engulfed in freezing vapours.
The kobold demonologist hits the kobold brigand with a +0 dagger.
Unknown command.
Unknown command.
The barbs in your skin will harm you if you move.
Continue?
The barbed spikes dig painfully into your body as you move.
Purpskrrrp's ghost is engulfed in freezing vapours.
The kobold demonologist hits the kobold demonologist but does no damage.
The kobold brigand is engulfed in freezing vapours.
The kobold demonologist is engulfed in freezing vapours.
You kill the kobold demonologist!
Vehumet accepts your kill.
You feel your power returning.
Your Fire Magic skill increases to level 10!
Unknown command.
The barbed spikes dig painfully into your body as you move.
The kobold brigand is engulfed in freezing vapours.
The kobold brigand barely misses the kobold demonologist.
Purpskrrrp's ghost attacks as you move away!
Purpskrrrp's ghost barely misses you.
The barbed spikes dig painfully into your body as you move.
The kobold demonologist is engulfed in freezing vapours.
The kobold demonologist hits the white imp but does no damage.
The kobold brigand closely misses the kobold demonologist.
Casting: Mephitic Cloud (safe; 1% risk of failure)
Confirm with . or Enter, or press ? or * to list all spells.
You blink.
Unknown command.
As you read the scroll of teleportation, it crumbles to dust.
You feel strangely unstable. Purpskrrrp's ghost hits you!!
Ouch! That really hurt!
You die...

#### #####..#
##.⌠.##☼#
##.#.#.#§#
########?..#.)'°##
......)#[$..).)§°#
.......#(..#)5KK@#
..###.###.#.#.#W§#
..###.####.⌠K##.§#
....#....#####...#
....#.........#..#
....'...........##
....#.........###
..###..##.##..#
#####..##'##..#


You could see a kobold demonologist (confused), 2 kobold brigands, purpskrrrp's
ghost and a white imp (summoned).

Vanquished Creatures
  Gastronok (D:12)
  Snorg (D:11)
  A hydra (D:11)
  4 two-headed ogres
  Erica (D:10)
  The ghost of SirDiesAlot the Geomancer, a journeyman DEEE (D:11)
  3 ugly things
  A manticore (D:12)
  A cyclops (D:12)
  A komodo dragon (D:12)
  The ghost of ytrimaz the Twirler, a novice DjGl (D:5)
  5 kobold demonologists
  2 trolls
  2 polar bears (D:10)
  9 slime creatures (D:12)
  5 spriggans (Bailey)
  Sigmund (D:6)
  4 water elementals (D:10)
  23 yaks
  5 wraiths
  2 wyverns
  3 steam dragons
  A basilisk (D:11)
  Grum (D:11)
  Edmund (D:6)
  3 acid dragons
  4 orc warriors
  5 water moccasins
  3 ice beasts
  2 black bears
  A sky beast (D:6)
  11 ogres
  2 wolves (D:10)
  2 centaurs
  A phantom (D:4)
  8 kobold brigands
  2 gnoll sergeants
  8 bullfrogs
  2 scorpions
  15 wights
  14 killer bees
  12 howler monkeys
  A crimson imp (D:8)
  7 jellies
  6 hounds
  6 orc priests
  2 gnoll boudas (D:5)
  2 iguanas
  9 orc wizards
  24 gnolls
  8 adders
  A white imp (D:7)
  An ufetubus (D:6)
  3 worms
  A dart slug (D:3)
  50 orcs
  5 bats
  2 endoplasms
  2 giant cockroaches (D:1)
  13 goblins
  6 hobgoblins
  16 jackals
  6 quokkas
  6 ball pythons
  A frilled lizard (D:3)
  17 kobolds
  A rat (D:1)
371 creatures vanquished.

Vanquished Creatures (others)
  An orc wizard (D:9)
  An orc (D:6)
  643 foxfires
  47 fungi (D:9)
  71 plants
763 creatures vanquished.

Grand Total: 1134 creatures vanquished

Notes
Turn   | Place    | Note
-------+----------+-------------------------------------------
     0 | D:1      | pokeman the Deep Elf Hedge Wizard began the quest for the
                  | Orb.
     0 | D:1      | Reached XP level 1. HP: 10/10 MP: 7/7
   354 | D:1      | Reached XP level 2. HP: 16/16 MP: 6/9
  1365 | D:2      | Reached skill level 5 in Spellcasting
  1498 | D:2      | Found Ibeorchiyva's Magic Scroll Shop.
  1508 | D:2      | Bought a scroll of identify for 28 gold pieces
  1518 | D:2      | Reached XP level 3. HP: 20/20 MP: 7/11
  1522 | D:2      | Learned a level 3 spell: Mephitic Cloud
  1525 | D:2      | Learned a level 2 spell: Call Imp
  1528 | D:2      | Learned a level 2 spell: Blink
  1640 | D:2      | Found a burning altar of Makhleb.
  1806 | D:2      | Found a faded altar of an unknown god.
  1866 | D:2      | Reached skill level 1 in Fighting
  1936 | D:3      | Reached skill level 1 in Armour
  2285 | D:3      | Reached XP level 4. HP: 15/25 MP: 4/13
  2424 | D:2      | Bought a scroll of blinking for 105 gold pieces
  2809 | D:3      | Found an iron altar of Okawaru.
  3095 | D:4      | Noticed a phantom
  3241 | D:4      | Reached skill level 6 in Spellcasting
  3241 | D:4      | Reached XP level 5. HP: 9/29 MP: 1/15
  3545 | D:4      | Killed a phantom
  3546 | D:4      | Reached skill level 1 in Shields
  3729 | D:4      | Reached XP level 6. HP: 34/34 MP: 11/17
  3767 | D:4      | Reached skill level 1 in Poison Magic
  4009 | D:4      | Noticed an ice beast
  4155 | D:4      | Killed an ice beast
  4156 | D:4      | Reached skill level 7 in Spellcasting
  4156 | D:4      | Reached skill level 1 in Air Magic
  4631 | D:4      | Found a staircase to the Ecumenical Temple.
  4640 | Temple   | Entered the Ecumenical Temple
  4649 | Temple   | Became a worshipper of Vehumet
  4720 | D:5      | Entered Level 5 of the Dungeon
  4914 | D:4      | Reached XP level 7. HP: 33/38 MP: 14/20
  4965 | D:5      | Learned a level 3 spell: Stone Arrow
  4971 | D:5      | Learned a level 5 spell: Freezing Cloud
  4985 | D:5      | Reached skill level 1 in Evocations
  5185 | D:5      | Reached skill level 8 in Spellcasting
  5208 | D:5      | Reached skill level 1 in Earth Magic
  5349 | D:5      | Found an ancient bone altar of Kikubaaqudgha.
  5390 | D:5      | Reached skill level 1 in Ice Magic
  5556 | D:5      | Found a transporter.
  5560 | D:5      | Noticed ytrimaz's ghost (novice DjGl)
  5561 | D:5      | Found a transporter.
  5819 | D:5      | Reached * piety under Vehumet
  5819 | D:5      | Offered knowledge of Foxfire by Vehumet.
  5822 | D:5      | Learned a level 1 spell: Foxfire
  5840 | D:5      | Found a shimmering blue altar of Sif Muna.
  5888 | D:5      | Found a hazy altar of Hepliaklqana.
  6246 | D:5      | Reached XP level 8. HP: 44/44 MP: 12/22
  6247 | D:5      | Reached skill level 9 in Spellcasting
  6472 | D:5      | Offered knowledge of Shock by Vehumet.
  6555 | D:5      | Reached ** piety under Vehumet
  6606 | D:5      | Reached skill level 1 in Fire Magic
  6844 | D:5      | Reached skill level 5 in Conjurations
  7087 | D:5      | Killed ytrimaz's ghost
  7088 | D:5      | Reached skill level 10 in Spellcasting
  7241 | D:6      | Offered knowledge of Dazzling Flash by Vehumet.
  7432 | D:6      | Noticed Edmund
  7439 | D:6      | Reached XP level 9. HP: 48/48 MP: 19/25
  7441 | D:6      | Killed Edmund
  7574 | D:6      | Reached skill level 11 in Spellcasting
  7913 | D:6      | Noticed Sigmund
  7917 | D:6      | Killed Sigmund
  8041 | D:6      | Found a sparkling altar of Nemelex Xobeh.
  8078 | D:6      | Reached *** piety under Vehumet
  8244 | D:7      | Reached skill level 12 in Spellcasting
  8526 | D:7      | Reached skill level 5 in Fire Magic
  9226 | D:7      | Reached XP level 10. HP: 54/54 MP: 13/28
  9358 | D:8      | Offered knowledge of Frozen Ramparts by Vehumet.
  9435 | D:8      | Found a broken altar of Ashenzari.
  9774 | D:8      | Found a sacrificial altar of Ru.
  9957 | D:8      | Found Dytargheq's Book Shoppe.
 10097 | D:8      | Found a stormy altar of Qazlal.
 10118 | D:8      | Reached skill level 13 in Spellcasting
 10301 | D:8      | Found a burning altar of Makhleb.
 10301 | D:8      | Found a shimmering altar of Xom.
 10997 | D:9      | Reached skill level 14 in Spellcasting
 11018 | D:9      | Reached **** piety under Vehumet
 11217 | D:9      | Found a staircase to the Orcish Mines.
 11235 | D:9      | Found a snail-covered altar of Cheibriados.
 11331 | D:9      | Offered knowledge of Sticky Flame by Vehumet.
 11654 | D:9      | Reached XP level 11. HP: 61/61 MP: 23/31
 11896 | D:9      | Found a staircase to the Lair.
 12486 | D:10     | Entered Level 10 of the Dungeon
 12571 | D:10     | Noticed Erica
 12597 | D:10     | Found a flagged portal.
 12603 | Bailey   | Entered a bailey
 12659 | Bailey   | Reached skill level 15 in Spellcasting
 12764 | Bailey   | Identified the +10 arbalest "Eprem" {flame, Dex+2 Stlth+}
 13010 | Bailey   | Noticed a two-headed ogre
 13014 | Bailey   | Killed a two-headed ogre
 13153 | D:10     | Noticed a two-headed ogre
 13155 | D:10     | Killed Erica
 13155 | D:10     | Reached ***** piety under Vehumet
 13156 | D:10     | Reached skill level 5 in Fighting
 13162 | D:10     | Killed a two-headed ogre
 13162 | D:10     | Offered knowledge of Iron Shot by Vehumet.
 13412 | D:10     | Reached skill level 16 in Spellcasting
 13793 | D:10     | Found an ornate altar of the Wu Jian Council.
 13855 | D:10     | Found a basalt altar of Yredelemnul.
 13947 | D:10     | Found a portal to a secret trove of treasure.
 14070 | D:10     | Found a bloodstained altar of Trog.
 14070 | D:10     | Found a glowing silver altar of Zin.
 14233 | D:11     | Noticed a two-headed ogre
 14239 | D:11     | Noticed a cyan ugly thing
 14309 | D:11     | Noticed Grum
 14374 | D:11     | Noticed Snorg
 14558 | D:11     | Killed a two-headed ogre
 14559 | D:11     | Reached XP level 12. HP: 56/68 MP: 18/34
 14920 | D:11     | Killed Grum
 15003 | D:11     | Reached skill level 10 in Conjurations
 15083 | D:11     | Killed Snorg
 15185 | D:11     | Found a runed translucent gate.
 15186 | D:11     | Found a runed translucent gate.
 15187 | D:11     | Found a runed translucent gate.
 15190 | D:11     | Noticed a ten-headed hydra
 15190 | D:11     | Noticed SirDiesAlot's ghost (journeyman DEEE)
 15190 | D:11     | You fall into a shaft and drop 1 floor!
 15235 | D:12     | Reached skill level 17 in Spellcasting
 15251 | D:11     | Noticed a two-headed ogre
 15251 | D:11     | Found Goec's Assorted Antiques.
 15256 | D:11     | Killed a two-headed ogre
 15699 | D:11     | Killed a ten-headed hydra
 15702 | D:11     | Killed SirDiesAlot's ghost
 15816 | D:12     | Noticed Gastronok
 15822 | D:12     | Killed Gastronok
 15919 | D:12     | Reached skill level 5 in Armour
 16022 | D:12     | Offered knowledge of Starburst by Vehumet.
 16206 | D:12     | Reached skill level 18 in Spellcasting
 16639 | D:12     | Found a runed translucent gate.
 16639 | D:12     | Found a runed translucent gate.
 16639 | D:12     | Found a runed translucent gate.
 16640 | D:12     | Noticed purpskrrrp's ghost (journeyman TrBe)
 16728 | D:12     | Reached skill level 10 in Fire Magic
 16731 | D:12     | Mangled by purpskrrrp's ghost

Illustrated notes

Levels and vault maps discovered:
D:1:      psy_arrival_radial01, layout_loops_ring, serial_rivers,
          chequers_serial_rivers_micro_b, chequers_serial_rivers_small_b,
          chequers_serial_rivers_room_b, chequers_serial_rivers_large_a,
          corexii_hall_statues_x
D:2:      layout_basic, basic_altar, serial_shops,
          nicolae_shop_advertising_works [nicolae_subvault_shop_adworks],
          shapermc_ecumenical_altar_ellora, minmay_domino_2
D:3:      wad_woods_pond, layout_basic, kennysheep_okawaru_gauntlet,
          chequers_serial_rivers_micro_b
D:4:      layout_basic, minmay_temple_entry_nine_rooms
D:5:      lemuel_castle_with_subvaults [lemuel_castle_interior_carwin_1],
          layout_layer_cave, kennysheep_little_box, kennysheep_mini,
          mainiacjoe_overflow_alcove_4, gammafunk_ghost_smash
D:6:      nicolae_cairo_tiling_very_big, layout_rooms,
          lemuel_coloured_pillars_altar, uniq_sigmund, uniq_edmund
D:7:      layout_basic
D:8:      layout_layer_cave, grunt_temple_overflow_champion_of_chaos,
          mainiacjoe_overflow_tiny_flanked, lemuel_tele_altar,
          mainiacjoe_overflow_boulevard, serial_shops, shop,
          amcnicky_mini_rare_corridor_liquid
D:9:      layout_grid_maze, mainiacjoe_overflow_paths,
          due_lair_maze_entry_diamond, orc_0_dummy, grunt_ministairs_4
D:10:     layout_loops_ring, kennysheep_mini_moat, mainiacjoe_overflow_brackets,
          trog_ov_bears_minmay, general_overflow_altar,
          nicolae_trove_entry_crystal, enter_bailey_2, kennysheep_doodads,
          nicolae_underground_beach, uniq_erica
D:11:     layout_cave_pools, serial_shops, shop_fountains,
          gammafunk_ghost_hydra_chop, uniq_snorg, uniq_grum
D:12:     layout_gridville, gammafunk_ghost_nasty_kobolds, uniq_gastronok
Temple:   nicolae_temple_ecumenical_triangle

Skill      XL: |  1  2  3  4  5  6  7  8  9 10 11 12 |
---------------+-------------------------------------+-----
Spellcasting   | 5 6 7 8 10 12 14 16 18 | 18.3
Fighting       | 1 2 4 5 |  5.0
Armour         | 1 3 5 |  5.0
Conjurations   | 2 3 4 5 7 8 9 11 | 11.0
Dodging        | 3 |  3.0
Shields        | 1 3 |  3.8
Stealth        | 3 |  3.1
Poison Magic   | 1 |  1.1
Air Magic      | 1 |  1.0
Evocations     | 1 |  1.0
Earth Magic    | 1 |  1.0
Ice Magic      | 1 |  1.0
Fire Magic     | 3 5 6 8 10 | 10.0
Summonings     | |  1.1
Translocations | |  1.1

Action                   |  1- 3 |  4- 6 |  7- 9 | 10-12 || total
-------------------------+-------+-------+-------+-------++-------
Melee: Dagger            |    15 |    33 |       |       ||    48
       Staff             |       |       |     7 |    38 ||    45
       Punch             |       |       |       |     1 ||     1
 Cast: Magic Dart        |    94 |   117 |    84 |     5 ||   300
       Mephitic Cloud    |       |     6 |    10 |    36 ||    52
       Call Imp          |       |     6 |       |     4 ||    10
       Blink             |       |     3 |       |     4 ||     7
       Foxfire           |       |       |   187 |   174 ||   361
       Stone Arrow       |       |       |    43 |   195 ||   238
       Freezing Cloud    |       |       |       |    19 ||    19
  Use: Scroll            |       |       |       |    16 ||    16
 Stab: Confused          |       |     1 |       |     4 ||     5
Armor: Robe              |     3 |     5 |       |       ||     8
       Leather armour    |       |     6 |    10 |    52 ||    68
Dodge: Dodged            |    18 |    56 |    24 |   121 ||   219

Table legend: (Time is in decaauts)
 A = Elapsed time spent in this place.
 B = Non-inter-level travel time spent in this place.
 C = Inter-level travel time spent in this place.
 D = Time resting spent in this place.
 E = Time spent auto-exploring this place.
 F = Levels seen in this place.
 G = Mean time per level.
                   A        B        C        D        E       F      G
               +--------+--------+--------+--------+--------+-----+--------+
         Total |  16802 |  16271 |    531 |   1965 |  11751 |  14 | 1200.1 |
       Dungeon |  16226 |  15703 |    523 |   1729 |  11563 |  12 | 1352.2 |
        Temple |     18 |     10 |      8 |      0 |      0 |   1 |   18.0 |
        Bailey |    556 |    556 |      0 |    236 |    188 |   1 |  556.0 |
               +--------+--------+--------+--------+--------+-----+--------+

Top non-repeatable levels by time:
     D:5: 2281 daAuts
    D:10: 1812 daAuts
     D:4: 1702 daAuts
     D:8: 1618 daAuts
     D:9: 1542 daAuts
     D:3: 1270 daAuts
     D:1: 1263 daAuts
     D:7: 1095 daAuts
     D:6: 1004 daAuts
    D:12: 994 daAuts
    D:11: 920 daAuts
     D:2: 721 daAuts
  Bailey: 556 daAuts
  Temple: 18 daAuts
